 Dungeon Crawl Stone Soup version 0.31-a0-851-g7ff8af7976 (webtiles) character file.

Game seed: 277470471798579324

65 Getoffmy the Grave Robber (level 3, 0/19 HPs)
             Began as a Deep Elf Necromancer on Oct 6, 2023.
             Was a Plaything of Xom.
             Slain by Robin
             ... wielding a +1 spectral club
              (5 damage)
             ... on level 2 of the Dungeon.
             The game lasted 00:06:05 (1473 turns).

Getoffmy the Grave Robber (Deep Elf Necromancer)    Turns: 1473, Time: 00:06:06

Health: 0/19       AC:  2    Str:  5    XL:     3   Next: 94%
Magic:  9/10       EV: 18    Int: 21    God:    Xom [..*...]
Gold:   100        SH:  5    Dex: 21    Spells: 8/9 levels left

rFire   . . .        d - +0 short sword
rCold   . . .        (no shield)
rNeg    . . .        a - +0 robe
rPois   .            (no helmet)
rElec   .            (no cloak)
rCorr   .            (no gloves)
SInv    .            (no boots)
Will    .....        i - amulet of reflection
Stlth   +++          l - +6 ring of dexterity
HPRegen 0.23/turn    n - +5 ring of evasion
MPRegen 0.12/turn

%: reflection
@: no status effects
A: no striking features
a: Renounce Religion


You were on level 2 of the Dungeon.
You worshipped Xom.
You were a toy of Xom.
You visited 1 branch of the dungeon, and saw 2 of its levels.

You collected 100 gold pieces.

Inventory:

Hand Weapons
 d - a +0 short sword (weapon)
Missiles
 h - 10 stones
Armour
 a - a +0 robe (worn)
Jewellery
 i - an amulet of reflection (around neck)
 l - a +6 ring of dexterity (left hand)
 n - a +5 ring of evasion (right hand)
Scrolls
 e - 2 scrolls of teleportation {unknown}
 j - a scroll of identify {unknown}
 k - a scroll of vulnerability {unknown}
Potions
 c - a potion of haste {unknown}
 f - a potion of attraction {unknown}
 g - a potion of might {unknown}
 m - a potion of curing {unknown}
 o - a potion of lignification {unknown}


   Skills:
 - Level 2.4 Dodging
 + Level 3.4 Stealth
 + Level 3.9 Spellcasting
 * Level 5.8 Necromancy


You had 8 spell levels left.
You knew the following spells:

 Your Spells              Type           Power      Damage    Failure   Level
a - Necrotise             Necr           100%       1d9       1%          1

Your spell library contained the following spells:

 Spells                   Type           Power      Damage    Failure   Level
 Vampiric Draining        Necr           28%        2d8       3%          3
 Animate Dead             Necr           28%        N/A       11%         4
 Sandblast                Erth           8%         2d5       12%         1
 Passwall                 Tmut/Erth      3%         N/A       19%         2
 Agony                    Necr           28%        N/A       30%         5
 Dazzling Flash           Conj/Hex       8%         N/A       36%         3
 Stone Arrow              Conj/Erth      8%         3d7       36%         3
 Brom's Barrelling Bould  Conj/Erth      4%         2d3       77%         4
 Silence                  Hex/Air        2%         N/A       98%         5


Dungeon Overview and Level Annotations

Branches:
Dungeon (2/15)

Altars:
Xom

Annotations:
D:2 Robin


Message History

Robin blocks your hobgoblin skeleton's attack.
Casting: Necrotise (safe; 1% risk of failure)
Confirm with . or Enter, or press ? or * to list all spells.
You don't have enough magic to cast this spell.
Your hobgoblin skeleton hits Robin.
Items here: ))) †.
Casting: Necrotise (safe; 1% risk of failure)
Confirm with . or Enter, or press ? or * to list all spells.
Aiming: Necrotise (safe; 1% risk of failure)
Press: ? - help, Shift-Dir - straight line, f/p - Robin
Aim: Robin, wielding a +1 spectral club, wearing a +0 animal skin and wearing a +0 tower shield (heavily wounded, ally target, chance to affect: 88%) Robin writhes in agony.
The +1 spectral club disappears.
Unknown command.
Robin attacks as they pursues you! Robin hits you with a +1 spectral club.
The +1 spectral club hits you.
A +1 spectral club comes into view.
The +1 spectral club disappears.
Robin attacks as they pursues you! Robin closely misses you.
The +1 spectral club hits you.
* * * LOW HITPOINT WARNING * * *
A +1 spectral club comes into view.
The +1 spectral club moves out of view.
Magic courses through your body. Robin completely misses you.
Casting: Necrotise (safe; 1% risk of failure)
Confirm with . or Enter, or press ? or * to list all spells.
Aiming: Necrotise (safe; 1% risk of failure)
Press: ? - help, Shift-Dir - straight line, f/p - Robin
Aim: Robin, wielding a +1 spectral club, wearing a +0 animal skin and wearing a +0 tower shield (moderately wounded, ally target, chance to affect: 88%) Robin writhes in agony.
Robin misses you.
Unknown command.
Casting: Necrotise (safe; 1% risk of failure)
Confirm with . or Enter, or press ? or * to list all spells.
Aiming: Necrotise (safe; 1% risk of failure)
Press: ? - help, Shift-Dir - straight line, f/p - Robin
Aim: Robin, wielding a +1 spectral club, wearing a +0 animal skin and wearing a +0 tower shield (heavily wounded, ally target, chance to affect: 88%) Robin barely resists.
Your hobgoblin skeleton hits Robin.
Robin hits you with a +1 spectral club.
You die...
Robin lets out a smug laugh. "Boring in life, boring in death..."

## ##[. ...#####
#.....# ### #.....#
#.# # #..)..# #@# .#
###.....## #g####..#
.......Z..###Z)....#
#..#.####)#...######
# #.####.Z.#.#
##.####.....)....#
.............>####
#........######
########.#


You could see Robin (ally target) and a friendly hobgoblin skeleton.

Vanquished Creatures
  A dart slug (D:1)
  4 ball pythons
  3 endoplasms
  2 giant cockroaches (D:2)
  9 goblins
  8 hobgoblins
  3 jackals (D:1)
  2 quokkas (D:1)
  4 bats
  2 frilled lizards (D:1)
  4 kobolds
  3 rats
45 creatures vanquished.

Vanquished Creatures (collateral kills)
  A dart slug (D:1)
  2 goblins (D:2)
  A jackal (D:1)
  A ball python (D:2)
  A frilled lizard (D:1)
  2 rats
8 creatures vanquished.

Grand Total: 53 creatures vanquished

Notes
Turn   | Place    | Note
-------+----------+-------------------------------------------
     0 | D:1      | Getoffmy the Deep Elf Necromancer began the quest for the
                  | Orb.
     0 | D:1      | Reached XP level 1. HP: 10/10 MP: 6/6
   112 | D:1      | Reached skill level 5 in Necromancy
   132 | D:1      | Reached XP level 2. HP: 11/15 MP: 1/8
   506 | D:1      | Reached XP level 3. HP: 14/19 MP: 6/10
  1341 | D:2      | Noticed a great orb of eyes
  1344 | D:2      | Found a faded altar of an unknown god.
  1346 | D:2      | Noticed a golden eye
  1346 | D:2      | Noticed a golden eye
  1346 | D:2      | Noticed a shining eye
  1354 | D:2      | Prayed at the altar of an unknown god.
  1354 | D:2      | Became a worshipper of Xom of Many Doors
  1451 | D:2      | Noticed Robin
  1473 | D:2      | Slain by Robin

Illustrated notes

Levels and vault maps discovered:
D:1:      lightli_arrival_maybe_door_vault, layout_loops_ring
D:2:      layout_basic, hellmonk_ecumenical_altar_watching_god,
          minmay_octomino_c4, uniq_terence, uniq_crazy_yiuf_cottage,
          uniq_sigmund, uniq_robin

Skill      XL: |  1  2 |
---------------+-------+-----
Necromancy     | 5 |  5.8
Stealth        | 3 |  3.4
Dodging        | |  2.4
Spellcasting   | |  3.9

Action                     || total
---------------------------++-------
  Melee: Short sword       ||    17
   Cast: Necrotise         ||    66
    Use: Potion            ||     1
 Armour: Robe              ||    20
  Dodge: Dodged            ||    33
  Block: Other             ||     5

Table legend: (Time is in decaauts)
 A = Elapsed time spent in this place.
 B = Non-inter-level travel time spent in this place.
 C = Inter-level travel time spent in this place.
 D = Time resting spent in this place.
 E = Time spent auto-exploring this place.
 F = Levels seen in this place.
 G = Mean time per level.
                   A        B        C        D        E       F      G
               +--------+--------+--------+--------+--------+-----+--------+
         Total |   1471 |   1435 |     36 |    165 |    843 |   2 |  735.5 |
       Dungeon |   1471 |   1435 |     36 |    165 |    843 |   2 |  735.5 |
               +--------+--------+--------+--------+--------+-----+--------+

Top non-repeatable levels by time:
     D:1: 1028 daAuts
     D:2: 442 daAuts
